 Dungeon Crawl Stone Soup version 0.30.1-11-g7821555f0a (webtiles) character file.

Game seed: 16359196539350625859

189 mechapo the Gusty (level 5, -7/40 HPs)
             Began as a Draconian Air Elementalist on Nov 3, 2023.
             Mangled by Grinder (8 damage)
             ... while paralysed by Grinder
             ... on level 4 of the Dungeon.
             The game lasted 00:23:08 (2394 turns).

mechapo the Gusty (Draconian Air Elementalist)      Turns: 2394, Time: 00:23:08

Health: -7/40      AC:  5    Str: 16    XL:     5   Next: 40%
Magic:  2/8        EV:  2    Int: 17    God:
Gold:   188        SH:  0    Dex: 12    Spells: 5/8 levels left

rFire   . . .        q - +3 hand axe (freeze)
rCold   . . .        (no shield)
rNeg    . . .        (body armour unavailable)
rPois   .            (helmet restricted)
rElec   .            (no cloak)
rCorr   .            (no gloves)
SInv    .            (no boots)
Will    .....        i - amulet of reflection
Stlth   ++           p - +6 ring of strength
HPRegen 0.26/turn    (no ring)
MPRegen 0.11/turn

%: reflection
@: paralysed
A: AC +5, unfitting armour, cold-blooded
a: no special abilities


You were on level 4 of the Dungeon.
You visited 1 branch of the dungeon, and saw 4 of its levels.

You collected 188 gold pieces.

Inventory:

Hand Weapons
 e - a +0 short sword
 j - a +0 trident
 q - a +3 hand axe of freezing (weapon)
 w - a +0 dagger
Missiles
 h - 42 stones
 n - 6 large rocks
 u - a throwing net
Jewellery
 i - an amulet of reflection (around neck)
 k - an amulet of the acrobat
 p - a +6 ring of strength (left hand)
 v - an amulet of guardian spirit
Scrolls
 b - 3 scrolls of enchant armour
 c - a scroll of poison {unknown}
 d - a scroll of acquirement {unknown}
 g - a scroll of fog
 l - a scroll of brand weapon {unknown}
 r - a scroll of fear {unknown}
 s - a scroll of blinking {unknown}
 z - a scroll of immolation {unknown}
Potions
 a - a potion of magic
 t - a potion of resistance {unknown}
 x - a potion of experience {unknown}


   Skills:
 + Level 1.5 Fighting
 + Level 1.4 Short Blades
 + Level 1.2 Axes
 + Level 2.9 Dodging
 + Level 2.4 Stealth
 + Level 0.7 Shields
 + Level 2.3 Spellcasting
 + Level 1.3 Conjurations
 + Level 3.8 Air Magic


You had 5 spell levels left.
You knew the following spells:

 Your Spells              Type           Power      Damage    Failure   Level
a - Shock                 Conj/Air       40%        1d5       7%          1
b - Static Discharge      Conj/Air       20%        2-3/arc   10%         2

Your spell library contained the following spells:

 Spells                   Type           Power      Damage    Failure   Level
 Swiftness                Air            14%        N/A       12%         3
 Airstrike                Air            7%         2d(1-17)  36%         4
 Ozocubu's Armour         Ice            1%         N/A       50%         3
 Metabolic Englaciation   Hex/Ice        0%         N/A       99%         5
 Simulacrum               Ice/Necr       0%         N/A       100%        6


Dungeon Overview and Level Annotations

Branches:
Dungeon (4/15)
 Temple: D:4-7

Altars:

Shops:
D:1 !

Annotations:
D:4 Grinder


Innate Abilities, Weirdness & Mutations

Your plain brown scales are hard. (AC +5)
You cannot fit into any form of body armour.
You are cold-blooded and may be slowed by cold attacks.


Message History

Confirm with . or Enter, or press ? or * to list all spells.
Grinder is struck by an arc of lightning.
Grinder is lightly wounded.
You are struck by an arc of lightning.
The lightning grounds out.
Grinder hits you but does no damage. The ice beast misses you.
You barely miss the ice beast.
The ice beast is severely wounded.
You hit Grinder.
Grinder blinks!
The ice beast closely misses you.
You hit the ice beast.
You tail-slap the ice beast, but do no damage.
The ice beast is almost dead.
You block the ice beast's attack.
You closely miss the ice beast.
The ice beast is almost dead.
Grinder gestures at you. You resist with significant effort.
You block the ice beast's attack.
Casting: Static Discharge (safe; 11% risk of failure)
Confirm with . or Enter, or press ? or * to list all spells.
Aiming: Shock (safe; 7% risk of failure)
Press: ? - help, Shift-Dir - straight line That beam is likely to hit you.
Continue anyway?
The zap misses the ice beast.
The zap hits the ice beast.
The ice beast is almost dead.
The zap hits you.
Grinder says, "Mostly I couldn't keep them alive."
Grinder blinks!
The ice beast hits you but does no damage.
You hit the ice beast.
You kill the ice beast!
Grinder gestures at you.
You suddenly lose the ability to move!
Your Axes skill increases to level 1!
You have reached level 5!
Grinder hits you!
* * * LOW HITPOINT WARNING * * *
You writhe in agony.
* * * LOW HITPOINT WARNING * * *
Grinder says, "Don't move a muscle."
Grinder hits you!
You die...

..#...........##
#.###.......####
#..##.....!.....
#.##.......#### #
######§§..#..##.#
#.##....§§.....## .#
##....###§§§§..## ..
.......##§§§§.........
......5@.§####.........
.......##......#.W...#.#
#...... #....###....
#...... #....... ###
#.....^ .....### .......
.....# #...... .:...#
#...... .....


You could see Grinder.

Vanquished Creatures
  An ice beast (D:4)
  An orc priest (D:3)
  2 adders
  A dart slug (D:1)
  4 orcs
  6 bats
  2 endoplasms
  4 giant cockroaches
  4 goblins
  A hobgoblin (D:1)
  3 quokkas
  A frilled lizard (D:3)
  5 kobolds
  5 rats
40 creatures vanquished.

Notes
Turn   | Place    | Note
-------+----------+-------------------------------------------
     0 | D:1      | mechapo the Draconian Air Elementalist began the quest for
                  | the Orb.
     0 | D:1      | Reached XP level 1. HP: 14/14 MP: 3/3
   209 | D:1      | Reached XP level 2. HP: 22/22 MP: 5/5
   404 | D:1      | Found a faded altar of an unknown god.
   757 | D:1      | Found Hujufir's Distillery.
  1312 | D:2      | Learned a level 2 spell: Static Discharge
  1413 | D:2      | Reached XP level 3. HP: 7/27 MP: 2/6
  1854 | D:2      | You fall into a shaft and drop 1 floor!
  1897 | D:3      | Reached skill level 1 in Fighting
  1917 | D:3      | Reached XP level 4. HP: 8/35 MP: 7/7
  2267 | D:3      | Reached skill level 1 in Short Blades
  2361 | D:4      | Noticed an ice beast
  2371 | D:4      | Noticed a phantom
  2378 | D:4      | Noticed Grinder
  2390 | D:4      | Killed an ice beast
  2390 | D:4      | Paralysed by Grinder for 5 turns
  2391 | D:4      | Reached skill level 1 in Axes
  2391 | D:4      | Reached XP level 5. HP: 13/40 MP: 2/8
  2393 | D:4      | HP: 1/40 [Grinder (5)]
  2394 | D:4      | Mangled by Grinder

Illustrated notes

Levels and vault maps discovered:
D:1:      onia_arrival_mini_spirals, layout_loops_cross, serial_shops, shop,
          ebering_ecumenical_altar_rust, minmay_tetromino_t2
D:2:      layout_loops_corners, due_unseen_surprise
D:3:      layout_rooms
D:4:      layout_rooms, old_standard_altar, amcnicky_altar_gilded, uniq_robin,
          uniq_grinder

Skill      XL: |  1  2  3  4 |
---------------+-------------+-----
Dodging        | 2 |  2.9
Stealth        | 2 |  2.4
Fighting       | 1 |  1.5
Short Blades   | 1 |  1.4
Axes           | 1 |  1.2
Shields        | |  0.7
Spellcasting   | |  2.3
Conjurations   | |  1.3
Air Magic      | |  3.8

Action                     |  1- 3 |  4- 6 || total
---------------------------+-------+-------++-------
  Melee: Club              |    26 |       ||    26
         Unarmed           |     5 |       ||     5
         Short sword       |    68 |       ||    68
         Tailslap          |    10 |     1 ||    11
         Hand axe          |     5 |    25 ||    30
   Cast: Shock             |    13 |     5 ||    18
         Static Discharge  |     3 |     3 ||     6
    Use: Scroll            |     7 |     5 ||    12
         Potion            |     2 |     2 ||     4
   Stab: Sleeping          |     2 |     1 ||     3
 Armour: Skin              |    38 |    13 ||    51
  Dodge: Dodged            |    91 |    18 ||   109
  Block: Other             |     8 |    13 ||    21
